 Dungeon Crawl Stone Soup version 0.28.0-49-g6dfe1f597d (webtiles) character file.

Game seed: 13077977111604107767

2 NinjaNoafa the Firebug (level 1, 0/18 HPs)
             Began as a Human Cinder Acolyte on May 11, 2022.
             Was a High Priest of Ignis.
             Slain by a jackal (2 damage)
             ... on level 1 of the Dungeon.
             The game lasted 00:00:10 (31 turns).

NinjaNoafa the Firebug (Human Cinder Acolyte)         Turns: 31, Time: 00:00:11

Health: 0/18       AC:  2    Str: 14    XL:     1   Next: 44%
Magic:  2/2        EV: 11    Int: 14    God:    Ignis [*****.]
Gold:   0          SH:  0    Dex:  8    Spells: 2/2 levels left

rFire   + . .      SeeInvis .   a - -1 hand axe (flame)
rCold   . . .      Faith    .   (no shield)
rNeg    . . .      Spirit   .   b - +0 robe
rPois   .          Reflect  .   (no helmet)
rElec   .          Harm     .   (no cloak)
rCorr   .          Rampage  .   (no gloves)
Will    .....                   (no boots)
Stlth   +.........              (no amulet)
HPRegen 0.06/turn               (no ring)
MPRegen 0.08/turn               (no ring)

@: no status effects
A: no striking features
a: Renounce Religion, Fiery Armour, Foxfire Swarm, Rising Flame


You were on level 1 of the Dungeon.
You worshipped Ignis.
Ignis was extremely pleased with you.
You visited 1 branch of the dungeon, and saw 1 of its levels.

Inventory:

Hand Weapons
 a - a -1 hand axe of flaming (weapon)
Armour
 b - a +0 robe (worn)


   Skills:
 + Level 3.0 Fighting
 + Level 3.0 Axes
 + Level 1.0 Spellcasting
 * Level 3.0 Fire Magic


You had 2 spell levels left.
You didn't know any spells.
Your spell library contained the following spells:

 Spells                   Type           Power      Damage    Failure   Level
 Scorch                   Fire           18%        2d5       11%         2


Dungeon Overview and Level Annotations

Branches:
Dungeon (1/15)

Altars:


Message History

Found a falchion.
A jackal comes into view.
The jackal barks!
A jackal comes into view.
The jackal moves out of view.
A jackal comes into view.
A jackal comes into view.
Found a scroll labelled JYORHA OTHE.
The jackal barks! x3
The jackal barely misses you. The jackal closely misses you.
You hit the jackal. You burn the jackal.
You kill the jackal!
You miss the jackal.
The jackal bites you but does no damage. x2
The jackal closely misses you.
You barely miss the jackal. You hit the jackal but do no damage.
The jackal closely misses you. The jackal completely misses you.
You closely miss the jackal. You hit the jackal. You burn the jackal.
The jackal bites you. x2; The jackal closely misses you.
The jackal bites you.
You barely miss the jackal. Your punch misses the jackal.
You hit the jackal but do no damage. The jackal closely misses you.
The jackal barely misses you.
Unknown command.
You miss the jackal. You hit the jackal. You burn the jackal.
You kill the jackal!
The jackal bites you. x2
You hit the jackal but do no damage. You closely miss the jackal.
The jackal bites you.
The jackal bites you but does no damage.
The jackal bites you.
You barely miss the jackal. You closely miss the jackal. The jackal bites you.
* * * LOW HITPOINT WARNING * * *
The jackal barely misses you. The jackal bites you.
* * * LOW HITPOINT WARNING * * *
You hit the jackal but do no damage. You hit the jackal. You burn the jackal.
The jackal bites you but does no damage.
The jackal bites you.
* * * LOW HITPOINT WARNING * * *
The jackal bites you.
You die...

.#.... .... .....#...#
........### ......... .#..
......###. ..... ........?
...# #hh..# $##+++##....
#@...# #
.#.....#.#.#####..#.###...
.#.....#.#..............#.
.#..<..#.#..##............
.#.....#................#.
##'''##....##.)###.#.....
#..............# .?.....
................# ##.#.#.
#########.......... ...#


You could see 2 jackals.

Vanquished Creatures
  2 jackals (D:1)
2 creatures vanquished.

Notes
Turn   | Place    | Note
-------+----------+-------------------------------------------
     0 | D:1      | NinjaNoafa the Human Cinder Acolyte began the quest for the
                  | Orb.
     0 | D:1      | Reached XP level 1. HP: 18/18 MP: 2/2
    31 | D:1      | Slain by a jackal

Illustrated notes

Levels and vault maps discovered:
D:1:      dpeg_arrival_windows_large_door, layout_basic,
          hellmonk_ecumenical_altar_run_dry

Action                   || total
-------------------------++-------
Melee: Hand axe          ||     9
Armor: Robe              ||     4
Dodge: Dodged            ||     9
